| TOP OF THE 1ST |
|
York Revolution batting - Pitching for Paris Cubs : RHP Roberto Cruz
|
|
Pitching: RHP Roberto Cruz
|
|
|
Batting: RHB Tony Perez
|
0-0: Swinging Strike 0-1: Called Strike 0-2: Ball 1-2: Ball 2-2: Foul Ball, location: 2F 2-2: Fly out, F9 (Flyball, 9D, EV 106.3 MPH)
|
|
Batting: RHB Chris Myers
|
0-0: Ball 1-0: Fly out, F7 (Flyball, 7, EV 84.4 MPH)
|
|
Batting: RHB Trent Hedrick
|
0-0: Ground out 5-3 (Groundball, 56S, EV 88.8 MPH)
|
| Top of the 1st over - 0 runs, 0 hits, 0 errors, 0 left on base; York 0 - Paris 0 |
| BOTTOM OF THE 1ST |
|
Paris Cubs batting - Pitching for York Revolution : RHP Victor Hurtado
|
|
Pitching: RHP Victor Hurtado
|
|
|
Batting: RHB Du Kim
|
0-0: Ball 1-0: Called Strike 1-1: Ball 2-1: Ball 3-1: Base on Balls
|
|
Batting: RHB Brad Santanello
|
0-0: Ball 1-0: Fly out, F8 (Flyball, 8LXD, EV 108.1 MPH)
|
|
Batting: RHB Ricardo Aguinaga
|
0-0: Ball 1-0: Ball Du Kim steals 2nd base 2-0: Foul Ball, location: 2F 2-1: Swinging Strike 2-2: SINGLE (Line Drive, 7S, EV 106.9 MPH) Du Kim to third Runner from 3rd tries for Home, SAFE, throw by LF to home
|
|
Batting: RHB Denis Rachin
|
0-0: SINGLE (Groundball, 56D, EV 104.4 MPH) Ricardo Aguinaga to second
|
|
Batting: RHB Gilberto Alvarado
|
0-0: Called Strike 0-1: Ball 1-1: Ball 2-1: Called Strike 2-2: Strikes out looking
|
|
Batting: RHB Khalil Stephens
|
0-0: Called Strike 0-1: Called Strike 0-2: Ball 1-2: Strikes out swinging
|
| Bottom of the 1st over - 1 run, 2 hits, 0 errors, 2 left on base; York 0 - Paris 1 |
| TOP OF THE 2ND |
|
York Revolution batting - Pitching for Paris Cubs : RHP Roberto Cruz
|
|
Batting: RHB Jose Corral
|
0-0: Ground out 6-3 (Groundball, 6D, EV 103.1 MPH)
|
|
Batting: RHB Victor Arias
|
0-0: Ground out 6-3 (Groundball, 6MS, EV 82.5 MPH)
|
|
Batting: RHB Jake Cox
|
0-0: Ball 1-0: Foul Ball, location: 2F 1-1: Foul Ball, location: 2F 1-2: Foul Ball, location: 2F 1-2: Strikes out looking
|
| Top of the 2nd over - 0 runs, 0 hits, 0 errors, 0 left on base; York 0 - Paris 1 |
| BOTTOM OF THE 2ND |
|
Paris Cubs batting - Pitching for York Revolution : RHP Victor Hurtado
|
|
Batting: RHB Josh Burns
|
0-0: Foul Ball, location: 2F 0-1: DOUBLE (Line Drive, 5D, EV 95.0 MPH)
|
|
Batting: LHB Hiroki Yamamoto
|
0-0: Ground out 6-3 (Groundball, 6S, EV 78.8 MPH)
|
|
Batting: RHB Alvaro Romero
|
0-0: Foul Ball, location: 2F 0-1: Called Strike 0-2: Foul Ball, location: 2F 0-2: Fly out, F8 (Flyball, 8LXD, EV 97.5 MPH) Runner from 2nd tags up, SAFE at 3rd, no throw by CF
|
|
Batting: RHB Du Kim
|
0-0: Called Strike 0-1: Foul Ball, location: 2F 0-2: Ball 1-2: Ball 2-2: Fly out, F8 (Flyball, 8RM, EV 91.3 MPH)
|
| Bottom of the 2nd over - 0 runs, 1 hit, 0 errors, 1 left on base; York 0 - Paris 1 |
| TOP OF THE 3RD |
|
York Revolution batting - Pitching for Paris Cubs : RHP Roberto Cruz
|
|
Batting: RHB Joe Hewitt
|
0-0: Ball 1-0: Swinging Strike 1-1: Foul Ball, location: 2F 1-2: SINGLE (Line Drive, 7LM, EV 91.9 MPH)
|
|
Batting: RHB Dave Gallegos
|
0-0: Called Strike 0-1: Ball 1-1: Ball 2-1: Ball 3-1: Swinging Strike 3-2: Strikes out swinging Joe Hewitt is caught stealing 2nd base 2-4 Batter strikes out.
|
|
Batting: RHB Corey Harris
|
0-0: Ground out 4-3 (Groundball, 4, EV 87.5 MPH)
|
| Top of the 3rd over - 0 runs, 1 hit, 0 errors, 0 left on base; York 0 - Paris 1 |
| BOTTOM OF THE 3RD |
|
Paris Cubs batting - Pitching for York Revolution : RHP Victor Hurtado
|
|
Batting: RHB Brad Santanello
|
0-0: Ball 1-0: Ground out 6-3 (Groundball, 6, EV 81.9 MPH)
|
|
Batting: RHB Ricardo Aguinaga
|
0-0: Called Strike 0-1: Ball 1-1: Ball 2-1: Called Strike 2-2: Fly out, F7 (Flyball, 78D, EV 100.0 MPH)
|
|
Batting: RHB Denis Rachin
|
0-0: Ball 1-0: SINGLE (Groundball, 56D, EV 95.0 MPH)
|
|
Batting: RHB Gilberto Alvarado
|
0-0: Ball 1-0: Foul Ball, location: 2F 1-1: Swinging Strike 1-2: Fly out, F9 (Flyball, 89S, EV 84.4 MPH)
|
| Bottom of the 3rd over - 0 runs, 1 hit, 0 errors, 1 left on base; York 0 - Paris 1 |
| TOP OF THE 4TH |
|
York Revolution batting - Pitching for Paris Cubs : RHP Roberto Cruz
|
|
Batting: RHB Tony Perez
|
0-0: Ball 1-0: Called Strike 1-1: Called Strike 1-2: Ball 2-2: Fly out, F8 (Flyball, 8RS, EV 92.5 MPH)
|
|
Batting: RHB Chris Myers
|
0-0: Called Strike 0-1: Ball 1-1: Ball 2-1: Foul Ball, location: 2F 2-2: Ground out 1-3 (Groundball, 15S, EV 73.8 MPH)
|
|
Batting: RHB Trent Hedrick
|
0-0: Fly out, F8 (Flyball, 8LD, EV 94.4 MPH)
|
| Top of the 4th over - 0 runs, 0 hits, 0 errors, 0 left on base; York 0 - Paris 1 |
| BOTTOM OF THE 4TH |
|
Paris Cubs batting - Pitching for York Revolution : RHP Victor Hurtado
|
|
Batting: RHB Khalil Stephens
|
0-0: Swinging Strike 0-1: Ball 1-1: Ground out 5-3 (Groundball, 5, EV 87.5 MPH)
|
|
Batting: RHB Josh Burns
|
0-0: Foul Ball, location: 2F 0-1: Swinging Strike 0-2: Ball 1-2: Ball 2-2: Ground out 6-3 (Groundball, 6, EV 101.3 MPH)
|
|
Batting: LHB Hiroki Yamamoto
|
0-0: Ball 1-0: Ground out U3 (Groundball, 3, EV 106.3 MPH)
|
| Bottom of the 4th over - 0 runs, 0 hits, 0 errors, 0 left on base; York 0 - Paris 1 |
| TOP OF THE 5TH |
|
York Revolution batting - Pitching for Paris Cubs : RHP Roberto Cruz
|
|
Batting: RHB Jose Corral
|
0-0: Fly out, F8 (Line Drive, 8LM, EV 87.5 MPH)
|
|
Batting: RHB Victor Arias
|
0-0: Ball 1-0: SINGLE (Groundball, 6MD, EV 103.1 MPH)
|
|
Batting: RHB Jake Cox
|
0-0: Foul Ball, location: 2F 0-1: Ball 1-1: Ball 2-1: Ball 3-1: Foul Ball, location: 2F 3-2: Base on Balls Victor Arias to second
|
|
Batting: RHB Joe Hewitt
|
0-0: Grounds into double play, 6-4-3 (Groundball, 6, EV 93.1 MPH)
|
| Top of the 5th over - 0 runs, 1 hit, 0 errors, 1 left on base; York 0 - Paris 1 |
| BOTTOM OF THE 5TH |
|
Paris Cubs batting - Pitching for York Revolution : RHP Victor Hurtado
|
|
Batting: RHB Alvaro Romero
|
0-0: Ball 1-0: Ball 2-0: Called Strike 2-1: Ball 3-1: Ground out 5-3 (Groundball, 56S, EV 79.4 MPH)
|
|
Batting: RHB Du Kim
|
0-0: Ball 1-0: Called Strike 1-1: Foul Ball, location: 2F 1-2: Ball 2-2: Ball 3-2: SINGLE (Groundball, 6D, EV 98.8 MPH)
|
|
Batting: RHB Brad Santanello
|
0-0: Swinging Strike 0-1: Ball 1-1: Fly out, F9 (Flyball, 9D, EV 93.8 MPH)
|
|
Batting: RHB Ricardo Aguinaga
|
0-0: Ball 1-0: Swinging Strike 1-1: Foul Ball, location: 2F 1-2: Strikes out looking
|
| Bottom of the 5th over - 0 runs, 1 hit, 0 errors, 1 left on base; York 0 - Paris 1 |
| TOP OF THE 6TH |
|
York Revolution batting - Pitching for Paris Cubs : RHP Roberto Cruz
|
|
Batting: RHB Dave Gallegos
|
0-0: Ball 1-0: Swinging Strike 1-1: Foul Ball, location: 2F 1-2: Foul Ball, location: 2F 1-2: DOUBLE (Line Drive, 7LD, EV 100.6 MPH)
|
|
Batting: RHB Corey Harris
|
0-0: Called Strike 0-1: Fly out, F8 (Flyball, 8RD, EV 86.9 MPH) Runner from 2nd tags up, SAFE at 3rd with throw by CF
|
|
Batting: RHB Tony Perez
|
0-0: Foul Ball, location: 2F 0-1: Ball 1-1: Foul Ball, location: 2F 1-2: Ball 2-2: SINGLE (Groundball, 5L, EV 107.5 MPH) Dave Gallegos scores
|
|
Batting: RHB Chris Myers
|
0-0: Swinging Strike 0-1: Ball 1-1: Ball 2-1: Foul Ball, location: 2F 2-2: Ball 3-2: Foul Ball, location: 2F 3-2: Fly out, F9 (Flyball, 9LM, EV 103.8 MPH)
|
|
Batting: RHB Trent Hedrick
|
0-0: Fly out, F5 (Popup, 56S, EV 84.4 MPH)
|
| Top of the 6th over - 1 run, 2 hits, 0 errors, 1 left on base; York 1 - Paris 1 |
| BOTTOM OF THE 6TH |
|
Paris Cubs batting - Pitching for York Revolution : RHP Victor Hurtado
|
|
Pitching: LHP Hiroshi Mukae
|
|
|
Batting: RHB Denis Rachin
|
0-0: Called Strike 0-1: Called Strike 0-2: Fly out, F7 (Flyball, 7, EV 83.1 MPH)
|
|
Batting: RHB Gilberto Alvarado
|
0-0: SINGLE (Line Drive, 4D, EV 96.3 MPH)
|
|
Batting: RHB Khalil Stephens
|
0-0: Ball 1-0: Ball 2-0: Grounds into double play, 5-4-3 (Groundball, 5, EV 81.3 MPH)
|
| Bottom of the 6th over - 0 runs, 1 hit, 0 errors, 0 left on base; York 1 - Paris 1 |
| TOP OF THE 7TH |
|
York Revolution batting - Pitching for Paris Cubs : RHP Roberto Cruz
|
|
Batting: RHB Jose Corral
|
0-0: Called Strike 0-1: Ball 1-1: Foul Ball, location: 2F 1-2: Foul Ball, location: 2F 1-2: Ball 2-2: Strikes out looking
|
|
Batting: RHB Victor Arias
|
0-0: Called Strike 0-1: Swinging Strike 0-2: Foul Ball, location: 2F 0-2: Foul Ball, location: 2F 0-2: Ball 1-2: Ball 2-2: Foul Ball, location: 2F 2-2: Foul Ball, location: 2F 2-2: Ball 3-2: Foul Ball, location: 2F 3-2: Base on Balls
|
|
Batting: RHB Jake Cox
|
0-0: Ball 1-0: Foul Ball, location: 2F 1-1: Called Strike 1-2: Ball 2-2: 2-RUN HOME RUN (Flyball, 7D, EV 96.9 MPH), Distance : 376 ft
|
|
Pitching: LHP Jose Urena
|
|
|
Batting: RHB Joe Hewitt
|
0-0: Foul Ball, location: 2F 0-1: Called Strike 0-2: Strikes out swinging
|
|
Batting: RHB Dave Gallegos
|
0-0: Foul Ball, location: 2F 0-1: Called Strike 0-2: Ball 1-2: Strikes out swinging
|
| Top of the 7th over - 2 runs, 1 hit, 0 errors, 0 left on base; York 3 - Paris 1 |
| BOTTOM OF THE 7TH |
|
Paris Cubs batting - Pitching for York Revolution : LHP Hiroshi Mukae
|
|
Batting: RHB Josh Burns
|
0-0: Fly out, F8 (Flyball, 8RM, EV 83.1 MPH)
|
|
Batting: LHB Hiroki Yamamoto
|
0-0: Ground out 4-3 (Groundball, 34D, EV 87.5 MPH)
|
|
Batting: RHB Alvaro Romero
|
0-0: Foul Ball, location: 2F 0-1: Ball 1-1: Foul Ball, location: 2F 1-2: Ball 2-2: Strikes out swinging
|
| Bottom of the 7th over - 0 runs, 0 hits, 0 errors, 0 left on base; York 3 - Paris 1 |
| TOP OF THE 8TH |
|
York Revolution batting - Pitching for Paris Cubs : LHP Jose Urena
|
|
Batting: RHB Corey Harris
|
0-0: Ball 1-0: Foul Ball, location: 2F 1-1: Ball 2-1: Swinging Strike 2-2: Strikes out swinging
|
|
Batting: RHB Tony Perez
|
0-0: Called Strike 0-1: Ball 1-1: Ground out U3 (Groundball, 34S, EV 85.6 MPH)
|
|
Batting: RHB Chris Myers
|
0-0: Swinging Strike 0-1: Ball 1-1: Fly out, F3 (Line Drive, 3, EV 69.4 MPH)
|
| Top of the 8th over - 0 runs, 0 hits, 0 errors, 0 left on base; York 3 - Paris 1 |
| BOTTOM OF THE 8TH |
|
Paris Cubs batting - Pitching for York Revolution : LHP Hiroshi Mukae
|
|
Batting: RHB Du Kim
|
0-0: Fly out, F7 (Flyball, 78D, EV 106.3 MPH)
|
|
Batting: RHB Brad Santanello
|
0-0: Foul Ball, location: 2F 0-1: Ground out 6-3 (Groundball, 6, EV 108.1 MPH)
|
|
Batting: RHB Ricardo Aguinaga
|
0-0: Ball 1-0: Ball 2-0: Called Strike 2-1: Ball 3-1: Called Strike 3-2: Strikes out swinging
|
| Bottom of the 8th over - 0 runs, 0 hits, 0 errors, 0 left on base; York 3 - Paris 1 |
| TOP OF THE 9TH |
|
York Revolution batting - Pitching for Paris Cubs : LHP Jose Urena
|
|
Batting: RHB Trent Hedrick
|
0-0: Ball 1-0: Fly out, F9 (Flyball, 9LM, EV 101.3 MPH)
|
|
Batting: RHB Jose Corral
|
0-0: DOUBLE (Line Drive, 9LM, EV 96.3 MPH)
|
|
Batting: RHB Victor Arias
|
0-0: Foul Ball, location: 2F 0-1: Called Strike 0-2: Ball 1-2: Ball 2-2: Ball 3-2: Strikes out swinging
|
|
Batting: RHB Jake Cox
|
0-0: Foul Ball, location: 2F 0-1: Foul Ball, location: 2F 0-2: Foul Ball, location: 2F 0-2: Ball 1-2: Strikes out swinging
|
| Top of the 9th over - 0 runs, 1 hit, 0 errors, 1 left on base; York 3 - Paris 1 |
| BOTTOM OF THE 9TH |
|
Paris Cubs batting - Pitching for York Revolution : LHP Hiroshi Mukae
|
|
Pitching: RHP Jonathan Beishline
|
|
|
Batting: RHB Denis Rachin
|
0-0: Swinging Strike 0-1: Ball 1-1: Foul Ball, location: 2F 1-2: Foul Ball, location: 2F 1-2: Foul Ball, location: 2F 1-2: Ground out U3 (Groundball, 3L, EV 78.1 MPH)
|
|
Pinch Hitting: LHB Emir Jalil
|
0-0: Ground out 4-3 (Groundball, 4, EV 86.9 MPH)
|
|
Batting: RHB Khalil Stephens
|
0-0: Hit by Pitch
|
|
Batting: RHB Josh Burns
|
0-0: Ball 1-0: Swinging Strike 1-1: Ball 2-1: Fielders Choice at 2nd, 5-4 (Groundball, 56, EV 106.3 MPH)
|
| Bottom of the 9th over - 0 runs, 0 hits, 0 errors, 1 left on base; York 3 - Paris 1 |
|